 Dungeon Crawl Stone Soup version 0.29.0-4-gdea44cf6ec (webtiles) character file.

Game seed: 724351150548446362

213 qw the Chopper (level 5, -1/26 (30) HPs)
             Began as a Tengu Warper on Aug 28, 2022.
             Slain by a wight
             ... wielding a +4 scimitar
              (3 damage)
             ... on level 4 of the Dungeon.
             The game lasted 00:00:17 (2985 turns).

qw the Chopper (Tengu Warper)                       Turns: 2985, Time: 00:00:17

HP:   -1/26 (30)    AC: 10    Str: 13    XL:     5   Next: 90%
MP:   9/9           EV: 11    Int: 13    God:
Gold: 65            SH:  0    Dex: 14    Spells: 8/8 levels left

rFire   . . .      SeeInvis .   Y - +0 war axe
rCold   . . .      Faith    .   (no shield)
rNeg    . . .      Spirit   .   o - +0 scale mail
rPois   .          Reflect  .   (helmet restricted)
rElec   .          Harm     .   (no cloak)
rCorr   .          Rampage  .   (no gloves)
Will    .....                   (boots unavailable)
Stlth   ..........              d - amulet of regeneration
HPRegen 0.88/turn               f - +4 ring of protection
MPRegen 0.11/turn               (no ring)

@: flying quickly and evasively, heavily drained, quick
A: beak, talons 3, nimble flight
a: no special abilities


You were on level 4 of the Dungeon.
You visited 1 branch of the dungeon, and saw 4 of its levels.

You collected 103 gold pieces.
You spent 38 gold pieces at shops.


Innate Abilities, Weirdness & Mutations

You have a beak for a mouth.
You have claws for feet.
Your magical nature lets you fly swiftly and evasively.


   Skills:
 - Level 2.0 Fighting
 + Level 6.5 Axes
 - Level 1.0 Throwing
 - Level 1.1 Armour
 - Level 2.1 Dodging
 - Level 2.0 Spellcasting
 - Level 2.4 Translocations


You had 8 spell levels left.
You didn't know any spells.
Your spell library contained the following spells:

 Spells                   Type           Power      Damage    Failure   Level
 Blink                    Tloc           14%        N/A       56%         2
 Gell's Gravitas          Tloc           7%         N/A       80%         3
 Lesser Beckoning         Tloc           7%         N/A       80%         3
 Teleport Other           Tloc           7%         N/A       80%         3
 Manifold Assault         Tloc           7%         N/A       100%        5

Inventory:

Hand Weapons
 h - a +0 flail
 Y - a +0 war axe (weapon)
Armour
 o - a +0 scale mail (worn)
Jewellery
 d - an amulet of regeneration (around neck)
 f - a +4 ring of protection (left hand)
Potions
 e - 2 potions of heal wounds
 i - a potion of magic {unknown}
 j - a potion of might

Dungeon Overview and Level Annotations

Branches:
Dungeon (4/15)
 Temple: D:4-7

Altars:

Shops:
D:3 (


Message History

Existing waypoints: (1) D:2 (2) D:3 Assign waypoint to what number? (0-9, D - delete waypoint) Waypoint 1 re-assigned from D:2 to D:4.
Enter note: You miss Natasha.
Your kick misses Natasha.
Natasha hisses.
Natasha casts a spell at you. The magic dart hits you!
Natasha claws you but does no damage.
You hit Natasha. You claw Natasha, but do no damage.
Natasha is moderately wounded.
Natasha casts a spell at you. You resist with some effort.
You hit Natasha. You claw Natasha.
Natasha is severely wounded.
Natasha casts a spell at you.
The magic dart hits you but does no damage.
You hit Natasha. You claw Natasha.
You kill Natasha!
Natasha screams in fury as she dies!
You start resting.
HP restored.
You feel a little less clever now.
Found a forked lead wand.
A wight comes into view. It is wielding a +4 scimitar.
The wight moves out of view.
You barely miss the wight. You claw the wight, but do no damage.
You peck the wight, but do no damage. The wight hits you with a +4 scimitar!
You feel drained.
You hit the wight but do no damage. You claw the wight, but do no damage.
The wight hits you with a +4 scimitar.
You feel drained. The wight hits you but does no damage.
You hit the wight.
The wight is moderately damaged.
The wight hits you with a +4 scimitar!
You hit the wight. Your kick misses the wight.
You peck the wight, but do no damage.
The wight is heavily damaged.
The wight hits you with a +4 scimitar!
You feel drained.
You die...

....# ..... ......
...... #.....#
#....## #....z##
##....@.###
##./....#..#
####.......##.#
##..........#.##
..............#.#
#.............#.#
#...#..........####
#..#.............#
#..........#..####


You could see a wight.

Vanquished Creatures
  A scorpion (D:3)
  Natasha (D:4)
  4 gnolls (D:3)
  3 adders (D:3)
  A worm (D:3)
  4 dart slugs
  4 orcs
  4 ball pythons
  5 endoplasms
  2 giant cockroaches
  5 goblins
  3 hobgoblins
  2 quokkas
  2 bats
  5 frilled lizards
  4 kobolds
  4 rats
54 creatures vanquished.

Notes
Turn   | Place    | Note
-------+----------+-------------------------------------------
     0 | D:1      | qw the Tengu Warper began the quest for the Orb.
     0 | D:1      | Reached XP level 1. HP: 12/12 MP: 4/4
     0 | D:1      | 0 ||| qw: Version: 0.1-a-89-g26bdef1
     0 | D:1      | 0 ||| qw: Game counter: 616
     0 | D:1      | 0 ||| qw: Always use a shield: true
     0 | D:1      | 0 ||| qw: God list: Okawaru
     0 | D:1      | 0 ||| qw: Allow faded altars: false
     0 | D:1      | 0 ||| qw: Do Orc after D:15 true
     0 | D:1      | 0 ||| qw: Do second Lair branch before Depths: true
     0 | D:1      | 0 ||| qw: Lair rune preference: random
     0 | D:1      | 0 ||| qw: Plans: Normal
     0 | D:1      | 0 ||| PLANNING D:1-11
    68 | D:1      | 68 ||| Stepping ~*~*~tactically~*~*~ (hiding).
   498 | D:1      | Reached XP level 2. HP: 17/17 MP: 6/6
   516 | D:1      | Reached skill level 3 in Axes
  1269 | D:1      | 1269 ||| UPGRADING to +4 ring of protection.
  1270 | D:1      | 1270 ||| READING scroll labelled FEOQUH ERINI.
  1271 | D:1      | 1271 ||| DROPPING scroll of blinking.
  1294 | D:2      | Found a faded altar of an unknown god.
  1318 | D:2      | 1318 ||| Stepping ~*~*~tactically~*~*~ (hiding).
  1319 | D:2      | 1319 ||| Stepping ~*~*~tactically~*~*~ (hiding).
  1320 | D:2      | 1320 ||| Stepping ~*~*~tactically~*~*~ (hiding).
  1321 | D:2      | 1321 ||| Stepping ~*~*~tactically~*~*~ (hiding).
  1356 | D:2      | 1356 ||| Stepping ~*~*~tactically~*~*~ (stealth).
  1357 | D:2      | 1357 ||| Stepping ~*~*~tactically~*~*~ (stealth).
  1358 | D:2      | 1358 ||| DROPPING +0 club.
  1360 | D:2      | 1360 ||| Stepping ~*~*~tactically~*~*~ (stealth).
  1362 | D:2      | 1362 ||| Stepping ~*~*~tactically~*~*~ (stealth).
  1364 | D:2      | 1364 ||| Stepping ~*~*~tactically~*~*~ (stealth).
  1381 | D:2      | Reached XP level 3. HP: 21/21 MP: 7/7
  1533 | D:2      | Reached skill level 4 in Axes
  1758 | D:2      | 1758 ||| UPGRADING to +0 ring mail.
  1768 | D:2      | 1768 ||| DROPPING +0 leather armour.
  1769 | D:2      | 1769 ||| DRINKING 4 golden potions.
  1876 | D:3      | Reached XP level 4. HP: 26/26 MP: 8/8
  1994 | D:3      | HP: 4/26 [gnoll/+0 flail (9)]
  1995 | D:3      | 1995 ||| DRINKING 5 potions of heal wounds.
  1997 | D:3      | Reached skill level 5 in Axes
  2001 | D:3      | HP: 6/26 [gnoll/+0 spear (2)]
  2002 | D:3      | 2002 ||| DRINKING 4 potions of heal wounds.
  2069 | D:3      | 2069 ||| DROPPING +0 mace.
  2148 | D:3      | Noticed a scorpion
  2161 | D:3      | HP: 6/26 [scorpion (5)]
  2162 | D:3      | 2162 ||| DRINKING 4 potions of heal wounds.
  2165 | D:3      | HP: 2/26 [scorpion (3)]
  2166 | D:3      | 2166 ||| DRINKING 3 potions of heal wounds.
  2167 | D:3      | Killed a scorpion
  2168 | D:3      | Reached skill level 6 in Axes
  2168 | D:3      | Gained mutation: Your magical nature lets you fly swiftly
                  | and evasively. [Tengu growth]
  2168 | D:3      | Reached XP level 5. HP: 19/30 MP: 9/9
  2175 | D:3      | HP: 7/30 [poisoned by a scorpion]
  2508 | D:3      | Found Rokhym's Weapon Boutique.
  2534 | D:3      | 2534 ||| BUYING +0 war axe (38 gold).
  2534 | D:3      | Bought a +0 war axe for 38 gold pieces
  2534 | D:3      | 2534 ||| SWAPPING to +0 war axe.
  2535 | D:3      | 2535 ||| DROPPING +0 hand axe.
  2767 | D:3      | 2767 ||| Stepping ~*~*~tactically~*~*~ (stealth).
  2774 | D:3      | 2774 ||| FLEEEEING.
  2775 | D:3      | 2775 ||| FLEEEEING.
  2776 | D:3      | 2776 ||| FLEEEEING.
  2779 | D:3      | 2779 ||| FLEEEEING.
  2780 | D:3      | 2780 ||| FLEEEEING.
  2781 | D:3      | 2781 ||| FLEEEEING.
  2782 | D:3      | 2782 ||| FLEEEEING.
  2874 | D:3      | 2874 ||| UPGRADING to +0 scale mail.
  2884 | D:3      | 2884 ||| DROPPING +0 ring mail.
  2885 | D:3      | 2885 ||| UPGRADING to amulet of regeneration.
  2890 | D:3      | 2890 ||| DROPPING amulet of the acrobat.
  2891 | D:3      | 2891 ||| READING scroll labelled KUYDYUMP CUHUA.
  2892 | D:3      | 2892 ||| READING scroll labelled BANOOR VEZAIDD.
  2893 | D:3      | 2893 ||| READING scroll labelled ZYKOC JUYFRULA.
  2894 | D:3      | 2894 ||| READING scroll labelled QACAFY REDYRPH.
  2895 | D:3      | 2895 ||| DRINKING 2 metallic pink potions.
  2896 | D:3      | 2896 ||| DRINKING 2 clear potions.
  2897 | D:3      | 2897 ||| DROPPING potion of brilliance.
  2945 | D:4      | Noticed Natasha
  2950 | D:4      | Killed Natasha
  2985 | D:4      | HP: 2/28 [wight/+4 scimitar (9)]
  2985 | D:4      | Slain by a wight

Levels and vault maps discovered:
D:1:      amcnicky_arrival_feature_with_door, layout_loops_corners
D:2:      layout_rooms, chequers_ecumenical_altar_island,
          kennysheep_generic_room_9
D:3:      minmay_diamond_boxcup, layout_loops_ring, serial_shops,
          nicolae_shop_hallway_plus
D:4:      layout_layer_cave, uniq_pikel, uniq_natasha

Skill      XL: |  1  2  3  4 |
---------------+-------------+-----
Axes           | 3 4 6 |  6.5
Fighting       | |  2.0
Throwing       | |  1.0
Armour         | |  1.1
Dodging        | |  2.1
Spellcasting   | |  2.0
Translocations | |  2.4

Action                   |  1- 3 |  4- 6 || total
-------------------------+-------+-------++-------
Melee: Hand axe          |    66 |    62 ||   128
       Peck              |    10 |     9 ||    19
       Kick              |    12 |    22 ||    34
       Punch             |     1 |       ||     1
       War axe           |       |    24 ||    24
Throw: Boomerang         |     7 |       ||     7
  Use: Scroll            |     1 |     4 ||     5
       Potion            |     1 |     6 ||     7
 Stab: Sleeping          |     1 |       ||     1
Armor: Leather armour    |    12 |       ||    12
       Ring mail         |    10 |    23 ||    33
       Scale mail        |       |     3 ||     3
Dodge: Dodged            |    32 |    39 ||    71

Table legend:
 A = Non-vault XP
 B = Vault XP
 C = Vault XP percentage of total XP
 D = Non-vault monster count
 E = Vault monster count
 F = Vault count percentage of total count
                 A         B        C        D         E       F
            +---------+---------+-------+---------+---------+-------
      Total |     239 |      66 |  21.6 |      45 |       9 |  16.7
            +---------+---------+-------+---------+---------+-------
        D:1 |      21 |       0 |   0.0 |      11 |       0 |   0.0
        D:2 |      31 |       2 |   6.1 |      15 |       1 |   6.2
        D:3 |     187 |      29 |  13.4 |      19 |       7 |  26.9
        D:4 |       0 |      35 | 100.0 |       0 |       1 | 100.0
            +---------+---------+-------+---------+---------+-------
